AoeStats
← DarkBladeJarl

African Clearing

506434745Analyzed
4v4 RM · 20d ago on Sep 13, 2026· 46m 54s· 8 players
Game mode
Random Map
Map size
Large (8 player)
Population
200
Speed
Normal
Resources
Standard
Victory
Conquest
Starting age
Dark Age
Ending age
Imperial Age
RankedLock teamsTeams togetherTeam positionsShared explorationLock speedFull tech treeHidden civsTurbo modeCheats
Victory
Defeat
🇨🇳 Wei · China
1310
+15
🇨🇳 Vietnamese · China
1298
+16
🇨🇳 Spanish · China
1124
+30
🇨🇳 Mongols · China
1038
+26
🇨🇳 Mongols · China
1329
-22
🇺🇸 Burmese · United States
1276
-20
🇧🇷 Tatars · Brazil
1268
-20
🇧🇷 Georgians · Brazil
1264
-19
Tishomingo
4:16 Loom
13:05 Feudal Age
18:08 Castle Age
17:03 Padded Archer Armor
17:06 Gold Mining
22:13 Horse Collar
33:51 Wheelbarrow
38:59 Imperial Age
37:54 Bloodlines
38:54 Scale Barding Armor
40:00 Chain Barding Armor
40:49 Forging
GaloDoido
8:34 Loom
14:39 Feudal Age
19:22 Castle Age
18:36 Double-Bit Axe
22:19 Scale Barding Armor
24:31 Husbandry
25:33 Stone Mining
26:14 Town Watch
26:44 Forging
28:14 Fletching
29:47 Bodkin Arrow
29:13 Elite Skirmisher
33:38 Padded Archer Armor
34:35 Leather Archer Armor
36:34 Ballistics
41:09 Chain Barding Armor
48:37 Imperial Age
46:37 Guard Tower
47:39 Wheelbarrow
jinzhi
4:11 Loom
13:50 Feudal Age
16:11 Double-Bit Axe
18:57 Castle Age
18:58 Horse Collar
26:27 Wheelbarrow
25:50 Fletching
26:49 Bow Saw
30:45 Bodkin Arrow
32:26 Heavy Plow
32:30 Padded Archer Armor
33:29 Gold Mining
33:29 Stone Mining
40:36 Imperial Age
39:08 Gold Shaft Mining
39:04 Husbandry
39:15 Bloodlines
40:14 Leather Archer Armor
40:23 Ballistics
42:08 Conscription
42:51 Crossbowman
43:57 Parthian Tactics
45:50 Thumb Ring
45:17 Elite Mangudai
dionathanbh
6:22 Loom
16:01 Feudal Age
20:15 Castle Age
19:14 Double-Bit Axe
21:37 Wheelbarrow
21:17 Bow Saw
21:18 Fletching
21:51 Padded Archer Armor
24:03 Bodkin Arrow
26:17 Ballistics
27:01 Leather Archer Armor
32:01 Hand Cart
37:53 Town Watch
45:42 Husbandry
45:52 Bloodlines
DarkBladeJarl
5:38 Loom
13:30 Feudal Age
14:44 Double-Bit Axe
17:27 Castle Age
16:39 Scale Barding Armor
16:44 Forging
16:57 Bloodlines
16:39 Horse Collar
18:32 Husbandry
18:53 Forging
20:06 Horse Collar
23:03 Wheelbarrow
23:00 Bow Saw
26:50 Heavy Plow
28:01 Iron Casting
30:09 Hand Cart
31:19 Fletching
34:38 Imperial Age
35:03 Town Watch
35:40 Chain Barding Armor
34:43 Heavy Hei Guang Cavalry
36:39 Blast Furnace
36:35 Conscription
37:29 Gold Mining
37:30 Stone Mining
38:06 Tuntian
39:51 Ming Guang Armor
42:53 Town Patrol
45:46 Bodkin Arrow
45:51 Padded Archer Armor
46:23 Crop Rotation
794762027
14:21 Feudal Age
18:12 Castle Age
17:33 Loom
17:42 Double-Bit Axe
17:56 Horse Collar
20:52 Padded Archer Armor
35:04 Leather Archer Armor
Wudi_Ganggang
5:45 Loom
13:52 Feudal Age
18:42 Castle Age
25:25 Double-Bit Axe
27:29 Bow Saw
30:26 Thumb Ring
31:46 Ballistics
34:57 Gold Mining
35:12 Fletching
36:16 Stone Mining
38:27 Horse Collar
38:49 Husbandry
39:00 Bloodlines
38:54 Bodkin Arrow
38:59 Padded Archer Armor
39:26 Heavy Plow
40:18 Stone Shaft Mining
40:55 Leather Archer Armor
44:37 Imperial Age
43:39 Wheelbarrow
45:22 Gold Shaft Mining
45:42 Conscription
44:55 Elite Mangudai
46:08 Parthian Tactics
66668888
9:21 Loom
13:13 Feudal Age
17:19 Castle Age
15:27 Double-Bit Axe
16:03 Horse Collar
17:24 Wheelbarrow
20:42 Fletching
24:26 Bow Saw
25:28 Elite Skirmisher
27:18 Padded Archer Armor
31:49 Bodkin Arrow
34:51 Ballistics
38:21 Leather Archer Armor
43:03 Thumb Ring
45:39 Imperial Age
44:19 Hand Cart
43:49 Town Watch
44:49 Treadmill Crane
46:14 Imperial Skirmisher
Connection lost

Rejoining the realm…

Still unreachable

The connection could not be restored.

Session expired

The server has moved on; the page needs a fresh start.